 Dungeon Crawl Stone Soup version 0.29-a0-284-gf9362112df (webtiles) character file.

Game seed: 5747008030654985637

23 drugrobin the Covered (level 2, -2/25 HPs)
             Began as a Demigod Fighter on Mar 16, 2022.
             Slain by a gnoll
             ... wielding a +0 flail
              (5 damage)
             ... on level 1 of the Dungeon.
             The game lasted 00:00:53 (435 turns).

drugrobin the Covered (Demigod Fighter)              Turns: 435, Time: 00:00:54

Health: -2/25      AC:  6    Str: 17    XL:     2   Next: 54%
Magic:  4/4        EV:  9    Int: 10    God:
Gold:   13         SH:  4    Dex: 13    Spells: 1/1 levels left

rFire   . . .      SeeInvis .   a - +0 war axe
rCold   + . .      Faith    .   c - +0 buckler
rNeg    . . .      Spirit   .   b - +0 scale mail
rPois   .          Reflect  .   (no helmet)
rElec   .          Harm     .   (no cloak)
rCorr   .          Rampage  .   (no gloves)
Will    .....                   (no boots)
Stlth   ..........              (no amulet)
HPRegen 0.08/turn               e - ring of protection from cold
MPRegen 0.09/turn               (no ring)

@: no status effects
A: high MP 1, forlorn, divine attributes
a: no special abilities


You were on level 1 of the Dungeon.
You visited 1 branch of the dungeon, and saw 1 of its levels.

You collected 13 gold pieces.

Inventory:

Hand Weapons
 a - a +0 war axe (weapon)
Armour
 b - a +0 scale mail (worn)
 c - a +0 buckler (worn)
Jewellery
 e - a ring of protection from cold (left hand)
Scrolls
 f - a scroll of magic mapping {unknown}
 h - a scroll of holy word {unknown}
Potions
 d - a potion of might
 g - a potion of flight {unknown}


   Skills:
 + Level 2.9 Fighting
 + Level 2.1 Axes
 + Level 3.0 Armour
 + Level 2.9 Shields


You had one spell level left.
You didn't know any spells.
Your spell library was empty.

Dungeon Overview and Level Annotations

Branches:
Dungeon (1/15)


Innate Abilities, Weirdness & Mutations

You have an increased reservoir of magic. (+10% MP)
You shall have no god before yourself.
Your divine heritage dramatically boosts your attributes as you level up.


Message History

You kill the goblin!
Things that are here:
a +0 club; a goblin corpse
g - a fuming cyan potion A gnoll comes into view.
It is wielding a +0 flail.
Found a spear.
A quokka comes into view.
You see here a scroll labelled RIUDGH APIGRILUS.
h - a scroll labelled RIUDGH APIGRILUS Unknown command.
Unknown command.
You barely miss the gnoll. The gnoll closely misses you.
The quokka closely misses you.
Unknown command.
You barely miss the gnoll. You hit the quokka but do no damage.
The gnoll hits you with a +0 flail. The quokka bites you.
The gnoll hits you with a +0 flail. The quokka barely misses you.
Unknown command.
You closely miss the gnoll. You hit the quokka.
You kill the quokka!
The gnoll hits you with a +0 flail.
Unknown command.
You hit the gnoll but do no damage. The gnoll hits you with a +0 flail.
* * * LOW HITPOINT WARNING * * *
The gnoll hits you but does no damage.
Unknown command.
Unknown command.
Unknown command.
Okay, then.
You slash the gnoll!
The gnoll is severely wounded.
The gnoll barely misses you.
Unknown command.
Unknown command.
Unknown command.
Unknown command.
You closely miss the gnoll.
The gnoll is severely wounded.
The gnoll hits you with a +0 flail.
You die...

## ######## .##
#......# ..##
#).....# .[.#
#......# ...#
#......# ..>#
#......# . ...#
######.g†...#..
...#
#......@.......
...#
..####.........
..## #.........
.####.#####
#......#..
#.....#...#
###.##### .
#.#####...####...#
..# ###...##...###
.####.....##.###
..##..#...##.#


You could see a gnoll.

Vanquished Creatures
  An endoplasm (D:1)
  2 goblins (D:1)
  6 hobgoblins (D:1)
  3 kobolds (D:1)
  2 quokkas (D:1)
  2 ball pythons (D:1)
  A bat (D:1)
  A frilled lizard (D:1)
  A rat (D:1)
19 creatures vanquished.

Notes
Turn   | Place    | Note
-------+----------+-------------------------------------------
     0 | D:1      | drugrobin the Demigod Fighter began the quest for the Orb.
     0 | D:1      | Reached XP level 1. HP: 18/18 MP: 3/3
     6 | D:1      | Noticed a hound
     6 | D:1      | Noticed a komodo dragon
     6 | D:1      | Noticed a killer bee
     7 | D:1      | Noticed a swamp worm
     7 | D:1      | Noticed a water moccasin
   223 | D:1      | Reached XP level 2. HP: 25/25 MP: 4/4
   279 | D:1      | Reached skill level 3 in Armour
   435 | D:1      | Slain by a gnoll

Illustrated notes

Levels and vault maps discovered:
D:1:      onia_arrival_zoo_common, layout_rooms, serial_shops, shop,
          due_unseen_surprise

Skill      XL: |  1  2 |
---------------+-------+-----
Axes           | 2 |  2.1
Armour         | 3 |  3.0
Fighting       | |  2.9
Shields        | |  2.9

Action                   || total
-------------------------++-------
Melee: War axe           ||    46
Armor: Scale mail        ||    16
Dodge: Dodged            ||    18
Block: Buckler           ||     6

Table legend: (Time is in decaauts)
 A = Elapsed time spent in this place.
 B = Non-inter-level travel time spent in this place.
 C = Inter-level travel time spent in this place.
 D = Time resting spent in this place.
 E = Time spent auto-exploring this place.
 F = Levels seen in this place.
 G = Mean time per level.
                   A        B        C        D        E       F      G
               +--------+--------+--------+--------+--------+-----+--------+
         Total |    454 |    454 |      0 |      0 |    336 |   1 |  454.0 |
       Dungeon |    454 |    454 |      0 |      0 |    336 |   1 |  454.0 |
               +--------+--------+--------+--------+--------+-----+--------+

Top non-repeatable levels by time:
     D:1: 454 daAuts
